Map: Frozen Temple

Players

Neeb

  • Race: Protoss Protoss

Snute - Winner!

  • Race: Zerg Zerg

Event: WCS Copa Intercontinental

VOD

https://www.youtube.com/watch?v=DnQRuraCtQ0

Description

Time

  • Played on: Sept. 11, 2016, 4:10 p.m.
  • Length: 14:28

All games in this series

Show
View Real Time Build Order
Export as new Build Order

Neeb Protoss 

Build Orders: 1 Gate Expand, Zealot Archon 

Get SALT Encoding   

  12  0:00  Probe (Chrono Boost)  
  13  0:11  Probe (Chrono Boost)  
  14  0:18  Pylon  
  14  0:22  Probe (Chrono Boost)  
  15  0:36  Probe (Chrono Boost), Gateway  
  16  0:46  Probe (Chrono Boost)  
  16  0:49  Assimilator  
  18  0:57  Probe (Chrono Boost)  
  18  1:07  Probe (Chrono Boost)  
  19  1:18  Nexus  
  19  1:21  Probe (Chrono Boost)  
  20  1:31  Cybernetics Core  
  20  1:34  Probe (Chrono Boost)  
  20  1:39  Assimilator  
  21  1:45  Probe (Chrono Boost)  
  22  1:48  Pylon  
  22  1:55  Probe (Chrono Boost)  
  22  1:59  Warp Gate  
  23  2:04  Adept  
  23  2:08  Probe (Chrono Boost)  
  26  2:18  Twilight Council  
  26  2:20  Probe (Chrono Boost)  
  27  2:27  Adept  
  27  2:30  Probe (Chrono Boost)  
  27  2:32  Probe (Chrono Boost)  
  31  2:41  Probe (Chrono Boost), Resonating Glaives  
  33  2:44  Probe (Chrono Boost)  
  34  2:52  Probe (Chrono Boost), Gateway  
  34  3:00  Adept  
  34  3:04  Gateway  
  36  3:09  Probe (Chrono Boost)  
  36  3:11  Probe (Chrono Boost)  
  39  3:21  Probe (Chrono Boost)  
  39  3:23  Probe (Chrono Boost)  
  40  3:27  Adept  
  40  3:31  Pylon  
  40  3:33  Probe (Chrono Boost)  
  44  3:35  Probe (Chrono Boost)  
  44  3:46  Probe (Chrono Boost), Nexus  
  45  3:51  Probe (Chrono Boost)  
  46  3:59  Probe (Chrono Boost)  
  46  4:02  Probe (Chrono Boost), Adept x3  
  54  4:09  Pylon  
  54  4:13  Pylon  
  54  4:17  Assimilator  
  54  4:24  Assimilator  
  54  4:27  Probe (Chrono Boost)  
  54  4:30  Mothership Core (Chrono Boost)  
  54  4:31  Sentry x2  
  61  4:37  Probe (Chrono Boost)  
  62  4:39  Sentry  
  62  4:42  Robotics Facility  
  62  4:45  Pylon  
  64  4:47  Pylon  
  64  4:48  Probe (Chrono Boost)  
  64  4:50  Probe (Chrono Boost)  
  66  4:57  Adept x2  
  66  4:59  Probe (Chrono Boost)  
  69  5:07  Pylon  
  69  5:09  Pylon  
  69  5:11  Adept  
  71  5:16  Forge  
  71  5:20  Pylon  
  70  5:22  Pylon  
  70  5:25  Warp Prism  
  70  5:28  Adept  
  70  5:29  Adept  
  70  5:33  Probe x2 (Chrono Boost)  
  78  5:39  Pylon  
  78  5:45  Templar Archives, Probe x2 (Chrono Boost)  
  78  5:49  Stalker x2  
  84  5:51  Stalker  
  84  5:52  Protoss Ground Weapons Level 1  
  87  5:57  Probe (Chrono Boost)  
  87  6:03  Probe (Chrono Boost)  
  87  6:07  Gateway  
  88  6:12  Probe (Chrono Boost)  
  88  6:20  Observer  
  88  6:21  Probe (Chrono Boost)  
  88  6:24  Probe (Chrono Boost)  
  88  6:25  High Templar x2  
  93  6:28  Adept  
  93  6:29  Archon  
  98  6:33  Probe (Chrono Boost)  
  98  6:34  Nexus  
  98  6:36  Pylon  
  98  6:37  Probe (Chrono Boost)  
  99  6:43  Pylon  
  99  6:45  Probe (Chrono Boost)  
  100  6:49  Probe (Chrono Boost)  
  101  6:56  Immortal  
  101  6:57  Probe (Chrono Boost)  
  101  7:01  Probe (Chrono Boost)  
  107  7:05  High Templar x2, Adept x2  
  116  7:09  Probe (Chrono Boost), Archon  
  116  7:13  Probe (Chrono Boost)  
  117  7:17  Pylon  
  118  7:28  Adept  
  118  7:37  Pylon x2  
  118  7:38  Protoss Ground Weapons Level 2  
  118  7:41  Pylon  
  118  7:43  Pylon  
  117  7:56  Probe (Chrono Boost)  
  117  7:57  Probe (Chrono Boost)  
  117  7:58  Zealot, High Templar x2  
  123  7:59  Zealot  
  123  8:02  Archon  
  127  8:12  Probe x2 (Chrono Boost)  
  118  8:25  Probe (Chrono Boost)  
  119  8:28  Nexus  
  119  8:31  Pylon  
  109  8:37  Probe (Chrono Boost)  
  109  8:38  Gateway, High Templar x4  
  109  8:40  Gateway  
  118  8:43  Gateway  
  118  8:44  Assimilator  
  118  8:45  Gateway, Warp Prism, Archon x2  
  118  8:46  Assimilator, Probe (Chrono Boost)  
  120  8:49  Probe (Chrono Boost)  
  120  8:54  Nexus  
  122  8:59  Pylon  
  122  9:03  Pylon  
  122  9:11  High Templar x2, Adept x2  
  122  9:15  Archon  
  130  9:18  Immortal  
  130  9:22  Pylon  
  133  9:33  Adept x2  
  137  9:44  Protoss Ground Weapons Level 3  
  137  9:46  Probe (Chrono Boost)  
  137  9:47  Probe x2 (Chrono Boost), Adept x2  
  137  9:48  Adept  
  137  9:50  Adept  
  137  9:52  High Templar x2  
  150  9:58  Pylon  
  150  9:59  Probe (Chrono Boost)  
  153  10:00  Pylon  
  153  10:15  Adept x4  
  153  10:16  Archon  
  161  10:33  Immortal  
  161  10:41  Gateway  
  161  10:46  Gateway, High Templar x2  
  161  10:48  Assimilator  
  161  10:49  Assimilator  
  161  10:51  Pylon, Archon  
  161  11:00  Adept x3  
  161  11:02  Adept x3  
  158  11:28  Stalker x7  
  158  11:29  Stalker  
  158  11:30  Blink  
  168  11:41  Observer, Nexus  
  169  11:49  Adept  
  171  12:02  Adept  
  171  12:08  Stalker x5  
  169  12:09  Stalker x2  
  132  12:32  Stalker x2  
  132  12:34  High Templar  
  132  12:35  High Templar  
  126  12:39  Archon  
  124  12:45  High Templar x2  
  124  12:49  Archon  
  92  13:25  Zealot x3  
  84  13:43  Probe (Chrono Boost)  
  59  14:06  Zealot  
Show
View Real Time Build Order
Export as new Build Order

Snute Zerg - Winner!

Build Orders: Hatch First, Muta Ling Bane 

Get SALT Encoding   

  12  0:00  Drone  
  13  0:12  Overlord  
  13  0:17  Drone  
  14  0:31  Drone x2  
  14  0:34  Drone  
  17  0:52  Hatchery  
  17  0:54  Drone  
  17  0:58  Drone  
  17  1:01  Extractor  
  17  1:13  Spawning Pool  
  17  1:16  Drone  
  17  1:20  Drone  
  18  1:28  Drone  
  19  1:38  Overlord  
  19  1:49  Drone  
  20  2:00  Queen  
  20  2:01  Metabolic Boost  
  22  2:03  Queen  
  22  2:04  Drone  
  22  2:07  Drone  
  26  2:12  Drone  
  26  2:15  Zergling x2  
  28  2:22  Drone  
  29  2:26  Drone  
  30  2:37  Drone, Hatchery  
  30  2:38  Drone  
  30  2:44  Overlord  
  31  2:46  Zergling x2  
  32  2:54  Zergling x2  
  33  2:59  Drone  
  34  3:06  Drone  
  34  3:08  Drone x3  
  34  3:09  Drone  
  34  3:11  Drone  
  40  3:18  Spore Crawler  
  40  3:19  Drone x3  
  43  3:26  Roach Warren  
  42  3:27  Overlord  
  42  3:28  Drone  
  42  3:32  Queen, Extractor  
  45  3:35  Overlord  
  45  3:45  Overlord  
  45  3:47  Overlord  
  45  4:06  Roach x7  
  59  4:11  Zergling x8  
  59  4:15  Roach  
  59  4:16  Zergling x4  
  67  4:20  Zergling x2  
  67  4:21  Zergling x6  
  71  4:25  Overlord  
  71  4:28  Queen  
  71  4:35  Zergling x8  
  75  4:46  Zergling x8  
  75  4:47  Zergling x4  
  75  4:50  Lair  
  75  4:51  Zergling x6  
  84  4:59  Zergling x2  
  89  5:00  Zergling x8  
  87  5:07  Zergling x4  
  86  5:14  Zergling x2  
  86  5:21  Drone x3  
  86  5:22  Drone x2, Overlord  
  86  5:23  Overlord  
  86  5:28  Overlord  
  90  5:31  Overlord  
  90  5:35  Evolution Chamber  
  90  5:37  Overlord  
  90  5:38  Overlord  
  90  5:39  Drone  
  90  5:41  Drone x2  
  90  5:42  Drone x2  
  94  5:45  Drone x2  
  96  5:50  Drone x3  
  96  5:53  Drone  
  100  6:01  Drone x2  
  100  6:02  Drone  
  101  6:04  Drone  
  101  6:05  Drone x2  
  104  6:12  Hatchery  
  104  6:15  Overlord  
  104  6:16  Extractor  
  102  6:19  Zergling x8  
  102  6:20  Extractor  
  102  6:23  Spore Crawler  
  102  6:24  Spore Crawler  
  103  6:26  Spore Crawler  
  103  6:27  Roach x2  
  103  6:28  Roach  
  103  6:31  Roach x2  
  112  6:38  Roach x5  
  125  6:46  Drone x7  
  132  6:52  Drone  
  132  6:53  Zerg Melee Weapons Level 1  
  134  6:54  Drone x2  
  134  6:58  Overlord  
  135  7:05  Overlord  
  135  7:09  Baneling Nest  
  135  7:10  Drone x2  
  135  7:11  Drone  
  135  7:13  Overlord  
  137  7:16  Overlord  
  137  7:17  Drone, Overlord  
  137  7:18  Drone x4  
  142  7:24  Drone x2  
  142  7:27  Ravager x2  
  138  7:30  Roach  
  138  7:31  Roach  
  138  7:32  Roach  
  138  7:33  Queen x2  
  138  7:36  Roach x2  
  145  7:37  Roach  
  145  7:40  Roach  
  146  7:50  Drone x6  
  152  7:51  Drone, Extractor  
  152  7:53  Hatchery  
  151  7:59  Spore Crawler  
  150  8:11  Drone  
  150  8:12  Drone x7  
  148  8:14  Spore Crawler  
  130  8:29  Drone x5  
  130  8:32  Overlord  
  130  8:33  Centrifical Hooks  
  133  8:40  Zergling x10  
  138  8:43  Zergling x6  
  138  8:44  Ravager x3  
  138  8:45  Hatchery  
  138  8:46  Zergling x2  
  144  8:50  Zerg Melee Weapons Level 2  
  144  8:52  Zergling x4  
  146  8:56  Zergling x2, Spine Crawler x2  
  146  8:58  Overseer  
  146  9:00  Zergling x2  
  146  9:06  Zergling x10  
  151  9:11  Zergling x4  
  151  9:12  Zergling x4  
  151  9:13  Overlord  
  151  9:14  Spire  
  154  9:17  Zergling x10  
  159  9:25  Zergling x6  
  162  9:40  Zergling x16  
  162  9:41  Zergling x4  
  172  9:47  Hatchery  
  172  9:52  Extractor  
  170  9:58  Zergling x2  
  170  9:59  Zergling x20  
  181  10:09  Queen  
  174  10:25  Zergling x34  
  174  10:26  Zergling x4  
  193  10:28  Mutalisk  
  190  10:37  Mutalisk  
  190  10:38  Mutalisk x4  
  198  10:46  Mutalisk  
  182  11:25  Mutalisk x9  
  156  11:27  Zergling x36  
  156  11:28  Zergling x4  
  156  11:32  Queen  
  190  11:38  Zergling x12  
  198  11:42  Baneling  
  198  11:43  Baneling x8  
  198  11:45  Baneling  
  198  11:51  Zergling x2  
  194  12:02  Zergling x12  
  197  12:11  Roach x3  
  197  12:20  Hatchery  
  197  12:21  Zergling x2  
  197  12:22  Zergling x20  
  186  12:29  Mutalisk x3  
  183  12:46  Baneling  
  183  12:47  Baneling x18  
  177  13:07  Zergling x2  
  177  13:08  Zergling x16  
  151  13:28  Zergling x10  
  149  13:34  Overseer  
Tags
 
Add a new tag
Caveats
  • Supply blocks, unpowered buildings, or Contaminate may cause inaccurate times.
  • Supply counts are checked every 10 seconds.